 Dungeon Crawl Stone Soup version 0.30-a0-748-ge6a52f7cba (webtiles) character file.

Game seed: 15885664372581724063

343 mopl the Sneak (level 6, -3/30 HPs)
             Began as a Vine Stalker Brigand on Feb 8, 2023.
             Slain by an orc priest
             ... wielding a +0 flail
              (8 damage)
             ... on level 4 of the Dungeon.
             The game lasted 00:02:39 (2632 turns).

mopl the Sneak (Vine Stalker Brigand)               Turns: 2632, Time: 00:02:40

Health: -3/30      AC:  7    Str: 13    XL:     6   Next: 57%
Magic:  0/7        EV: 11    Int: 11    God:
Gold:   125        SH:  0    Dex: 18    Spells: 5/5 levels left

rFire   . . .      SeeInvis .    a - +2 dagger (venom)
rCold   . . .      Faith    .    (no shield)
rNeg    . . .      Spirit   +    b - +0 robe
rPois   .          Reflect  .    (no helmet)
rElec   .          Harm     .    c - +0 cloak
rCorr   .          Rampage  .    (no gloves)
Will    .....                    (no boots)
Stlth   ++                       (no amulet)
HPRegen 1.05/turn                g - +4 ring of protection
MPRegen 0.10/turn                (no ring)

@: confused
A: fangs 2, regeneration 1, magic shield, antimagic bite, no potion heal 2
a: no special abilities


You were on level 4 of the Dungeon.
You visited 1 branch of the dungeon, and saw 4 of its levels.

You collected 125 gold pieces.

Inventory:

Hand Weapons
 a - a +2 dagger of venom (weapon)
 q - a +2 hand axe of flaming
Missiles
 d - 9 poisoned darts (quivered)
 e - 3 curare-tipped darts
Armour
 b - a +0 robe (worn)
 c - a +0 cloak (worn)
 t - a +0 leather armour of fire resistance
Jewellery
 g - a +4 ring of protection (left hand)
 l - a ring of resist corrosion
Scrolls
 h - a scroll of teleportation {unknown}
 j - a scroll of fog {unknown}
 k - a scroll of magic mapping {unknown}
 n - 2 scrolls of blinking {unknown}
 o - a scroll of vulnerability {unknown}
 p - a scroll of fear {unknown}
 r - a scroll of noise {unknown}
 w - a scroll of immolation {unknown}
Potions
 f - a potion of might
 i - 2 potions of resistance
 m - 2 potions of lignification {!q}
 s - a potion of curing {unknown}
 u - a potion of heal wounds {unknown}
 v - a potion of flight {unknown}
 x - a potion of degeneration {unknown}


   Skills:
 - Level 1.7 Fighting
 + Level 3.7 Short Blades
 + Level 3.8 Throwing
 - Level 0.7 Dodging
 + Level 6.9 Stealth


You had 5 spell levels left.
You didn't know any spells.
Your spell library contained the following spells:

 Spells                   Type           Power      Damage    Failure   Level
 Shock                    Conj/Air       0%         1d3       34%         1
 Ensorcelled Hibernation  Hex/Ice        0%         N/A       47%         2
 Spider Form              Tmut/Pois      0%         N/A       71%         3
 Swiftness                Air            0%         N/A       71%         3
 Airstrike                Air            0%         2d(0-16)  98%         4
 Anguish                  Hex/Necr       0%         N/A       98%         4


Dungeon Overview and Level Annotations

Branches:
Dungeon (4/15)
 Temple: D:4-7

Altars:
Elyvilon
Gozag
Sif Muna


Innate Abilities, Weirdness & Mutations

You have extremely sharp teeth.
Your natural rate of healing is unusually fast.
When hurt, damage is shared between your health and your magic reserves.
Your bite disrupts and absorbs the magic of your enemies.
Potions cannot restore your health.


Message History

You are too confused!
You are too confused!
You are too confused!
You are too confused!
You are too confused!
You are too confused!
You are too confused!
You are too confused!
You are too confused!
You are too confused!
You are too confused!
You are too confused!
You are too confused!
You are too confused!
You barely miss the orc priest.
You bite the orc priest, but do no damage.
The orc priest is lightly wounded.
The orc wizard barely misses you. The orc priest completely misses you.
You miss the orc wizard.
You bite the orc wizard, but do no damage.
The orc priest calls down the wrath of Beogh upon you.
Beogh smites you!
The orc wizard points at you and mumbles some strange words.
The magic dart hits you.
The orc priest attacks as you move away!
The orc priest hits you but does no damage.
The orc wizard casts a spell.
The orc wizard flickers and vanishes!
Deactivating autopickup; reactivate with Ctrl-A.
Items here: $ ))) [.
You hit the orc priest.
The orc priest looks as sick as possible!
The orc priest is heavily wounded.
The orc priest invokes the aid of Beogh against you.
Beogh smites you!
* * * LOW HITPOINT WARNING * * *
Okay, then.
You're too confused to move!
The orc priest hits you with a +0 flail!
You die...

...#. ....
...## ...##
.... #
#########
#..#.#
#.......#
#.o..#
#.......# #o#
####...(...#
#@#
...........#
#.#
############
#.# # ###
#.## # #..##
#..##
########.....
#...#
.........###.
#...#
#####........
#...#
####..#######
##.##


You could see an orc priest (extremely poisoned) and an orc.

Vanquished Creatures
  An ogre (D:4)
  A scorpion (D:3)
  An orc priest (D:3)
  8 adders
  4 worms
  A dart slug (D:3)
  10 orcs
  7 ball pythons
  3 bats
  6 endoplasms
  3 giant cockroaches
  3 goblins
  5 hobgoblins
  10 jackals
  A kobold (D:1)
  2 quokkas (D:3)
  4 frilled lizards
  6 rats
76 creatures vanquished.

Notes
Turn   | Place    | Note
-------+----------+-------------------------------------------
     0 | D:1      | mopl the Vine Stalker Brigand began the quest for the Orb.
     0 | D:1      | Reached XP level 1. HP: 11/11 MP: 2/2
   140 | D:1      | Found a faded altar of an unknown god.
   224 | D:1      | Reached skill level 5 in Stealth
   249 | D:1      | Reached skill level 2 in Short Blades
   249 | D:1      | Reached skill level 2 in Throwing
   249 | D:1      | Reached XP level 2. HP: 15/15 MP: 3/3
   716 | D:2      | Reached XP level 3. HP: 18/18 MP: 4/4
   947 | D:2      | Gained mutation: Your natural rate of healing is unusually
                  | fast. [Vine Stalker growth]
   947 | D:2      | Reached XP level 4. HP: 22/23 MP: 5/5
  1522 | D:3      | Found an opulent altar of Gozag.
  1586 | D:3      | Reached skill level 3 in Throwing
  1717 | D:3      | Reached skill level 3 in Short Blades
  1717 | D:3      | Reached skill level 6 in Stealth
  1717 | D:3      | Reached XP level 5. HP: 17/26 MP: 4/6
  1844 | D:3      | Reached XP level 6. HP: 30/30 MP: 7/7
  2340 | D:3      | Found a white marble altar of Elyvilon.
  2340 | D:3      | Found a shimmering blue altar of Sif Muna.
  2632 | D:4      | Slain by an orc priest

Illustrated notes

Levels and vault maps discovered:
D:1:      minmay_arrival_checkered_box, layout_loops_ring,
          hellmonk_ecumenical_altar_leap_of_faith, dreamdust_princess_corridor,
          minmay_tromino_v4_c
D:2:      minmay_recursive_quarters, layout_loops_cross
D:3:      layout_loops_corners, nicolae_gozag_seed_capital,
          mainiacjoe_overflow_divided_tiny, nicolae_wormholes
D:4:      layout_rooms, trog_butcher_becter, nicolae_dithmenos_the_darkroom,
          uniq_blork_the_orc

Skill      XL: |  1  2  3  4 |
---------------+-------------+-----
Stealth        | 5 6 |  6.9
Short Blades   | 2 3 |  3.7
Throwing       | 2 3 |  3.8
Fighting       | |  1.7
Dodging        | |  0.7

Action                     |  1- 3 |  4- 6 || total
---------------------------+-------+-------++-------
  Melee: Dagger            |    57 |   132 ||   189
         Bite              |    12 |    39 ||    51
         Punch             |     1 |     4 ||     5
    Use: Scroll            |       |     3 ||     3
   Stab: Sleeping          |     5 |    18 ||    23
         Distracted        |       |     2 ||     2
 Armour: Robe              |    16 |    30 ||    46
  Dodge: Dodged            |    31 |    61 ||    92

Table legend: (Time is in decaauts)
 A = Elapsed time spent in this place.
 B = Non-inter-level travel time spent in this place.
 C = Inter-level travel time spent in this place.
 D = Time resting spent in this place.
 E = Time spent auto-exploring this place.
 F = Levels seen in this place.
 G = Mean time per level.
                   A        B        C        D        E       F      G
               +--------+--------+--------+--------+--------+-----+--------+
         Total |   2603 |   2460 |    143 |      9 |   1950 |   4 |  650.8 |
       Dungeon |   2603 |   2460 |    143 |      9 |   1950 |   4 |  650.8 |
               +--------+--------+--------+--------+--------+-----+--------+

Top non-repeatable levels by time:
     D:3: 1011 daAuts
     D:2: 780 daAuts
     D:1: 691 daAuts
     D:4: 118 daAuts
